 Dungeon Crawl Stone Soup version 0.18.1-8-gdd0e5ea (console) character file.

7297 Kloppie the Carver (level 10, -9/94 HPs)
             Began as a Minotaur Gladiator on June 5, 2016.
             Was a High Priest of Okawaru.
             Mangled by a blink frog (11 damage)
             ... on level 1 of the Lair of Beasts.
             The game lasted 00:17:09 (9287 turns).

Kloppie the Carver (Minotaur Gladiator)             Turns: 9287, Time: 00:17:10

Health: -9/94      AC: 11    Str: 22    XL:     10   Next: 89%
Magic:  12/12      EV: 12    Int:  5    God:    Okawaru [*****.]
Gold:   743        SH:  0    Dex: 12    Spells: 0 memorised, 9 levels left

rFire  . . .     SeeInvis .     a - +1 long sword
rCold  . . .     Gourm    .     l - +2 scale mail {rPois}
rNeg   . . .     Faith    .     (no shield)
rPois  +         Spirit   .     c - +1 hat
rElec  .         Dismiss  .     (no cloak)
rCorr  .         Reflect  .     (no gloves)
SustAt .         Harm     .     (no boots)
MR     .....                    (no amulet)
Stlth  ..........               (no ring)
                                (no ring)

@: not resistant to hostile enchantments, extremely unstealthy
A: retaliatory headbutt, horns 2
a: Heroism, Finesse, Renounce Religion


You were on level 1 of the Lair of Beasts.
You worshipped Okawaru.
Okawaru was extremely pleased with you.
You were not hungry.

You visited 2 branches of the dungeon, and saw 9 of its levels.

You collected 743 gold pieces.

Inventory:

Hand Weapons
 a - a +1 long sword (weapon)
Missiles
 o - 12 tomahawks (quivered)
Armour
 c - a +1 hat (worn)
 l - a +2 scale mail of poison resistance (worn)
Wands
 z - a wand of heal wounds (7/9)
Scrolls
 k - 2 scrolls of remove curse
 m - a scroll of enchant weapon
 p - a scroll of enchant armour
 q - 2 scrolls of recharging
Potions
 b - a potion of invisibility {unknown}
 e - 2 potions of flight
 r - a potion of brilliance {unknown}
Comestibles
 d - 10 chunks of flesh
 f - 6 bread rations
 g - 2 meat rations
 j - 2 slices of pizza


   Skills:
 + Level 10.8 Fighting
 + Level 11.3 Long Blades
 - Level 5.1 Throwing
 - Level 10.1 Armour
 - Level 4.1 Dodging
 + Level 4.1 Invocations


You had 9 spell levels left.
You didn't know any spells.

Dungeon Overview and Level Annotations

Branches:
Dungeon (8/15)             Temple (0/1) D:6            Lair (1/8) D:8

Altars:
Ashenzari
Cheibriados
Dithmenos
Elyvilon
Fedhas
Kikubaaqudgha
Makhleb
Okawaru
Pakellas
Sif Muna

Shops:
D:5 %

Annotations:
D:7 Burgietje's ghost, novice MiFi


Innate Abilities, Weirdness & Mutations

You reflexively headbutt those who attack you in melee.
You have a pair of horns on your head.


Message History

The blink frog barely misses you.
You hit the blink frog but do no damage.
The blink frog is lightly wounded.
The blink frog hits you!
* * * LOW HITPOINT WARNING * * *
The blink frog closely misses you.
You hit the blink frog. Your headbutt misses the blink frog.
The blink frog is lightly wounded.
The blink frog hits you but does no damage. x2
The blink frog barely misses you.
The blink frog hits you but does no damage.
You hit the blink frog. Your headbutt misses the blink frog.
The blink frog is moderately wounded.
The blink frog hits you.
* * * LOW HITPOINT WARNING * * *
The blink frog blinks!
The blink frog barely misses you. The blink frog hits you.
* * * LOW HITPOINT WARNING * * *
The blink frog hits you!
You die...

...# ............. ..## .
............. ..# . .......##.#.
### #. #+P+# #.....#.?.. ..###...
##.#.#####....#.... ..........#
#.......##F........ ...#......#.
.......##....#....
..............##......##....#....
...#......#...#.@.....##..§.#F...
...#..........##F.....##....##..#
...#......#...##F##.####........%
...#.#.#.##...#.F##+###..........
....................F.F....÷.....
.................................
............F....................
.................................
......PP......######+###....##+##


You could see 3 blink frogs.

Vanquished Creatures
  Erolcha (D:8)
  2 spiny frogs (Lair:1)
  Joseph (D:7)
  A komodo dragon (Lair:1)
  9 blink frogs
  Sigmund (D:5)
  Grum (Lair:1)
  A hippogriff (Lair:1)
  Edmund (D:4)
  Menkaure (D:5)
  3 porcupines (Lair:1)
  A water moccasin (Lair:1)
  An orc warrior (D:6)
  A sky beast (D:6)
  2 ice beasts
  3 phantoms
  5 wolves (Lair:1)
  2 ogres
  2 centaurs
  A crocodile (Lair:1)
  5 giant frogs
  A wyvern skeleton (D:7)
  A scorpion (D:6)
  An electric eel (Lair:1)
  2 howler monkeys
  3 crimson imps
  3 hounds
  5 orc priests
  5 orc wizards
  6 worker ants
  2 iguanas
  2 hound skeletons (D:6)
  6 adders
  An ooze (D:2)
  2 dart slugs
  2 worms
  2 giant geckos
  13 orcs
  A ball python (D:4)
  12 bats
  7 giant cockroaches
  11 goblins
  5 hobgoblins
  2 jackals (D:3)
  5 kobolds
  2 quokkas
  A giant gecko zombie (D:6)
  4 giant newts
  A jackal skeleton (D:6)
  6 rats
  2 fungi
161 creatures vanquished.

Vanquished Creatures (others)
  An orange crystal statue (D:2)
  A fungus (Lair:1)
2 creatures vanquished.

Grand Total: 163 creatures vanquished

Notes
Turn   | Place    | Note
--------------------------------------------------------------
     0 | D:1      | Kloppie the Minotaur Gladiator began the quest for the Orb.
     0 | D:1      | Reached XP level 1. HP: 18/18 MP: 0/0
    45 | D:1      | Found a snail-covered altar of Cheibriados.
    94 | D:1      | Reached XP level 2. HP: 25/25 MP: 1/1
   337 | D:1      | Reached skill level 4 in Long Blades
   338 | D:1      | Reached XP level 3. HP: 30/30 MP: 2/2
  1086 | D:2      | Reached XP level 4. HP: 37/38 MP: 3/3
  1341 | D:2      | Found an oddly glowing altar of Pakellas.
  1341 | D:2      | Noticed an orange crystal statue
  1342 | D:2      | Noticed a troll
  1368 | D:2      | Killed an orange crystal statue
  2179 | D:3      | Found a white marble altar of Elyvilon.
  2432 | D:4      | Reached XP level 5. HP: 26/45 MP: 4/4
  2595 | D:4      | Reached skill level 1 in Armour
  2796 | D:4      | Found a burning altar of Makhleb.
  2820 | D:4      | Reached skill level 5 in Long Blades
  2820 | D:4      | Reached XP level 6. HP: 45/52 MP: 5/5
  2931 | D:5      | Entered Level 5 of the Dungeon
  3718 | D:4      | Noticed Edmund
  3737 | D:4      | Killed Edmund
  3737 | D:4      | Reached skill level 5 in Fighting
  3737 | D:4      | Reached skill level 6 in Long Blades
  3737 | D:4      | Reached XP level 7. HP: 53/61 MP: 6/6
  3789 | D:4      | Found a shadowy altar of Dithmenos.
  3798 | D:4      | Found an iron altar of Okawaru.
  3798 | D:4      | Found an oddly glowing altar of Pakellas.
  3824 | D:4      | Became a worshipper of Warmaster Okawaru
  4235 | D:5      | Reached skill level 5 in Throwing
  4240 | D:5      | Reached XP level 8. HP: 38/70 MP: 7/7
  4335 | D:5      | Noticed Sigmund
  4345 | D:5      | Killed Sigmund
  4345 | D:5      | Reached * piety under Okawaru
  4345 | D:5      | Reached skill level 7 in Long Blades
  4345 | D:5      | Reached skill level 5 in Armour
  4345 | D:5      | Reached skill level 1 in Invocations
  4475 | D:5      | Found Omuit's Food Shop.
  4552 | D:5      | Noticed Menkaure
  4558 | D:5      | Killed Menkaure
  5113 | D:6      | Found a staircase to the Ecumenical Temple.
  5122 | D:6      | Reached ** piety under Okawaru
  5205 | D:6      | Reached skill level 8 in Long Blades
  5205 | D:6      | Reached XP level 9. HP: 74/79 MP: 10/10
  5567 | D:6      | Found a deep blue altar of Sif Muna.
  5858 | D:7      | Noticed Joseph
  5877 | D:7      | Killed Joseph
  5912 | D:7      | Noticed Burgietje's ghost (novice MiFi)
  6601 | D:8      | Found a blossoming altar of Fedhas.
  6601 | D:8      | Found an ancient bone altar of Kikubaaqudgha.
  6710 | D:8      | Noticed Erolcha
  6720 | D:8      | Killed Erolcha
  6720 | D:8      | Reached *** piety under Okawaru
  6720 | D:8      | Reached skill level 9 in Long Blades
  6727 | D:8      | Found a staircase to the Lair.
  6938 | D:8      | Found a shattered altar of Ashenzari.
  7147 | Lair:1   | Entered Level 1 of the Lair of Beasts
  7259 | Lair:1   | HP: 2/83 [blink frog (5)]
  7271 | Lair:1   | Reached **** piety under Okawaru
  7271 | Lair:1   | Received a gift from Okawaru
  7555 | D:8      | Reached XP level 10. HP: 66/91 MP: 11/11
  7864 | Lair:1   | Reached skill level 10 in Long Blades
  8391 | Lair:1   | Noticed a spiny frog
  8402 | Lair:1   | Killed a spiny frog
  8402 | Lair:1   | Reached skill level 10 in Fighting
  8611 | Lair:1   | Noticed a spiny frog
  8622 | Lair:1   | Killed a spiny frog
  8622 | Lair:1   | Reached ***** piety under Okawaru
  8634 | Lair:1   | Noticed Grum
  8656 | Lair:1   | Reached skill level 11 in Long Blades
  8657 | Lair:1   | Reached skill level 10 in Armour
  8660 | Lair:1   | Killed Grum
  8660 | Lair:1   | Received a gift from Okawaru
  9286 | Lair:1   | HP: 2/94 [blink frog (6)]
  9287 | Lair:1   | Mangled by a blink frog

Skill      XL: |  1  2  3  4  5  6  7  8  9 10 |
---------------+-------------------------------+-----
Long Blades    | 4 5 6 8 9 11 | 11.3
Fighting       | 3 4 5 7 9 10 | 10.8
Dodging        | 4 |  4.1
Throwing       | 3 4 5 |  5.1
Armour         | 2 3 4 6 8 10 | 10.1
Invocations    | 3 4 |  4.1

Action                   |  1- 3 |  4- 6 |  7- 9 | 10-12 || total
-------------------------+-------+-------+-------+-------++-------
Melee: Long sword        |    84 |   120 |   223 |   108 ||   535
       Headbutt          |    10 |    25 |    51 |    15 ||   101
Throw: Throwing net      |       |     2 |     1 |       ||     3
       Tomahawk          |       |       |    40 |    16 ||    56
Invok: Heroism           |       |       |       |     1 ||     1
  Use: Scroll            |       |       |    16 |     1 ||    17
       Potion            |       |       |     5 |     3 ||     8
 Stab: Held in net/web   |       |     1 |     1 |       ||     2
  Eat: Chunk             |     1 |     8 |     8 |     5 ||    22
       Bread ration      |       |       |     1 |       ||     1
Armor: Leather armour    |    23 |    19 |    11 |       ||    53
       Chain mail        |       |       |    21 |       ||    21
       Plate armour      |       |       |    52 |    46 ||    98
       Scale mail        |       |       |       |     9 ||     9
Dodge: Dodged            |    68 |    73 |    96 |    61 ||   298
